 Dungeon Crawl Stone Soup version 0.31.0-32-g396128a36d (webtiles) character file.

Game seed: 838796544683982206

177738 Henri the Ninja (level 18, -3/120 HPs)
             Began as a Kobold Enchanter on Apr 6, 2024.
             Was the Champion of Wu Jian.
             Hit by a silver javelin thrown by a merfolk javelineer (4 damage)
             ... on level 3 of the Shoals.
             The game lasted 01:58:25 (44519 turns).

Henri the Ninja (Kobold Enchanter)                 Turns: 44519, Time: 01:58:26

Health: -3/120     AC: 14    Str:  7    XL:     18   Next: 84%
Magic:  2/21       EV: 16    Int: 23    God:    Wu Jian [******]
Gold:   2010       SH:  7    Dex: 15    Spells: 4/21 levels left

rFire   + + .        y - +5 rapier (freeze)
rCold   + + .        j - +2 buckler
rNeg    + + .        k - +2 robe {rC+ rF+}
rPois   +            l - +2 hat {SInv}
rElec   +            e - scarf "Torchouz" {rC+ rF+, rPois Regen+}
rCorr   .            Q - +1 Delatra's gloves {ID++}
SInv    +            d - +0 pair of boots
Will    +....        O - amulet of the acrobat
Stlth   ++++++++++   b - ring "Daxentil" {rN+ Slay+5}
HPRegen 1.20/turn    D - ring of the Ancients {rElec rPois rN+ AC+4}
MPRegen 0.17/turn

%: acrobat
@: exhausted
A: small, no large weapons, nightstalker 3
a: Renounce Religion, Wall Jump, Serpent's Lash, Heavenly Storm


You were on level 3 of the Shoals.
You worshipped Wu Jian.
Wu Jian was exalted by your worship.
You visited 7 branches of the dungeon, and saw 28 of its levels.
You also visited: Gauntlet and Ice Cave.

You collected 2205 gold pieces.
You spent 195 gold pieces at shops.

Inventory:

Hand Weapons
 y - a +5 rapier of freezing (weapon)
Missiles
 v - 27 poisoned darts (quivered)
 C - 5 curare-tipped darts
 I - 7 throwing nets
Armour
 d - a +0 pair of boots (worn)
 e - the scarf "Torchouz" (worn) {rC+ rF+, rPois Regen+}
   (You acquired it on level 2 of the Lair of Beasts)

   rPois:     It protects you from poison Regen+: It increases your rate of
   health regeneration.
 j - a +2 buckler (worn)
 k - a +2 robe of resistance (worn)
 l - a +2 hat of see invisible (worn)
 Q - the +1 Delatra's gloves (worn) {ID++}
   (You found it on level 10 of the Dungeon)

   ID++:      It heals its wearer when they drink unknown potions, and restores
   their MP when they read unknown scrolls.
Jewellery
 b - the ring "Daxentil" (left hand) {rN+ Slay+5}
   (You found it on level 10 of the Dungeon)

   [ring of positive energy]

   Slay+5:    It affects your accuracy & damage with ranged weapons and melee
   (+5).
   rN+:       It protects you from negative energy.
 m - a ring of resist corrosion
 z - the ring "Oxi Cowkiz" {rC+ Will+}
   (You found it on level 1 of the Orcish Mines)

   [ring of willpower]

   rC+:       It protects you from cold.
   Will+:     It increases your willpower.
 D - the ring of the Ancients (right hand) {rElec rPois rN+ AC+4}
   (You found it on level 8 of the Dungeon)

   [ring of protection]

   AC+4:      It affects your AC (+4).
   rElec:     It insulates you from electricity.
   rPois:     It protects you from poison rN+: It protects you from negative
   energy.
 F - a ring of fire
 O - an amulet of the acrobat (around neck)
 U - a ring of ice
Wands
 a - a wand of mindburst (6)
 f - a wand of roots (21)
 i - a wand of flame (26)
 p - a wand of acid (10)
 H - a wand of charming (22)
 R - a wand of digging (9)
 S - a wand of polymorph (8)
Scrolls
 h - a scroll of fear
 t - 12 scrolls of identify
 u - 11 scrolls of teleportation
 x - a scroll of poison
 B - a scroll of summoning
 G - 3 scrolls of fog
 J - a scroll of blinking
Potions
 c - 5 potions of invisibility
 g - 4 potions of ambrosia
 n - 2 potions of magic
 q - 14 potions of curing
 r - 4 potions of enlightenment
 s - 2 potions of berserk rage
 w - 2 potions of brilliance
 A - a potion of attraction
 E - 2 potions of might
 K - 4 potions of haste
 L - 5 potions of heal wounds
 M - a potion of resistance
 N - a potion of mutation
 P - a potion of cancellation
Miscellaneous
 o - a box of beasts
 Y - a phantom mirror


   Skills:
 + Level 15.7 Fighting
 - Level 14.0 Short Blades
 + Level 8.6 Armour
 - Level 5.0 Dodging
 O Level 27 Stealth
 - Level 5.0 Shields
 - Level 2.1 Spellcasting
 + Level 14.7 Hexes


You had 4 spell levels left.
You knew the following spells:

 Your Spells              Type           Power      Damage    Failure   Level
a - Confusing Touch       Hex            63%        N/A       1%          3
b - Ensorcelled Hibernat  Hex/Ice        72%        N/A       1%          2
c - Tukima's Dance        Hex            63%        N/A       1%          3
d - Dazzling Flash        Conj/Hex       72%        N/A       2%          3
e - Jinxbite              Hex            100%       N/A       1%          2
f - Cause Fear            Hex            31%        N/A       1%          4

Your spell library contained the following spells:

 Spells                   Type           Power      Damage    Failure   Level
 Apportation              Tloc           4%         N/A       19%         1
 Necrotise                Necr           8%         1d4       19%         1
 Sandblast                Erth           4%         2d4       19%         1
 Shock                    Conj/Air       8%         1d3       19%         1
 Call Imp                 Summ           4%         N/A       28%         2
 Cigotuvi's Dreadful Rot  Necr/Alch/Air  4%         N/A       28%         2
 Mercury Vapours          Alch/Air       4%         N/A       28%         2
 Scorch                   Fire           4%         2d5       28%         2
 Static Discharge         Conj/Air       4%         3-4/arc   28%         2
 Sublimation of Blood     Necr           2%         N/A       28%         2
 Fugue of the Fallen      Necr           2%         N/A       50%         3
 Hailstorm                Conj/Ice       2%         3d5       50%         3
 Mephitic Cloud           Conj/Alch/Air  2%         N/A       50%         3
 Ozocubu's Armour         Ice            2%         N/A       50%         3
 Passwall                 Erth           2%         N/A       50%         3
 Stone Arrow              Conj/Erth      4%         3d7       50%         3
 Summon Ice Beast         Ice/Summ       2%         N/A       50%         3
 Swiftness                Air            2%         N/A       50%         3
 Airstrike                Air            1%         2d(1-17)  88%         4
 Animate Armour           Summ/Erth      4%         N/A       88%         4
 Brom's Barrelling Bould  Conj/Erth      2%         2d3       88%         4
 Dispel Undead            Necr           2%         3d7       88%         4
 Flame Wave               Conj/Fire      2%         2d4       88%         4
 Leda's Liquefaction      Alch/Erth      1%         N/A       88%         4
 Martyr's Knell           Necr/Summ      2%         N/A       88%         4
 Summon Lightning Spire   Summ/Air       2%         N/A       88%         4
 Metabolic Englaciation   Hex/Ice        18%        N/A       26%         5
 Alistair's Intoxication  Alch           1%         N/A       99%         5
 Fireball                 Conj/Fire      1%         3d3       99%         5
 Freezing Cloud           Conj/Ice/Air   1%         6-21      99%         5
 Iskenderun's Battlesphe  Conj           2%         2d6       99%         5
 Lee's Rapid Deconstruct  Erth           1%         3d4*      99%         5
 Bombard                  Conj/Erth      1%         9d1       100%        6
 Conjure Ball Lightning   Conj/Air       1%         3x3d6     100%        6
 Death Channel            Necr           1%         N/A       100%        6
 Sculpt Simulacrum        Ice/Alch       1%         N/A       100%        6
 Summon Cactus Giant      Summ           1%         N/A       100%        6
 Orb of Destruction       Conj           1%         9d5       100%        7
 Ozocubu's Refrigeration  Ice            1%         4d7       100%        7
 Summon Hydra             Summ           1%         N/A       100%        7
 Lehudib's Crystal Spear  Conj/Erth      1%         10d2      100%        8
 Death's Door             Necr           1%         N/A       100%        9
 Dragon's Call            Summ           1%         N/A       100%        9
 Polar Vortex             Ice            1%         N/A       100%        9


Dungeon Overview and Level Annotations

Branches:
Dungeon (15/15)            Temple (1/1) D:4            Lair (5/5) D:8
 Shoals (3/4) Lair:3       Spider (1/4) Lair:2        Slime (0/5) Lair:4
    Orc (2/2) D:12            Elf (1/3) Orc:2        Vaults (0/5) D:13
 Depths (0/4) D:15          IceCv (visited)         Gauntlet (visited)

Altars:
Ashenzari
Cheibriados
Dithmenos
Elyvilon
Fedhas
Gozag
Hepliaklqana
Kikubaaqudgha
Makhleb
Nemelex Xobeh
Okawaru
Qazlal
Ru
Sif Muna
Trog
Uskayaw
Vehumet
Wu Jian
Xom
Yredelemnul
Zin
The Shining One
Jiyva

Shops:
D:5 [   D:9 [   D:10 (   D:12 !   D:14 ?   Orc:2 (=*[

Portals:
Trove: D:11 (give 4 scrolls of blinking)

Annotations:
D:5 interesting artefacts?
Shoals:2 Polyphemus
Elf:1 Frances


Innate Abilities, Weirdness & Mutations

You are small and have problems with some larger weapons.
You are completely attuned to the shadows.


Message History

You puncture the merfolk! You freeze the merfolk.
The merfolk is almost dead.
You hit the merfolk. You freeze the merfolk.
You blow up the merfolk!
The Council accepts your kill.
You spin and attack the merfolk repeatedly, with incredible momentum.
You puncture the merfolk! You freeze the merfolk.
You blow up the merfolk!
The Council accepts your kill.
You spin and attack the merfolk impaler, with incredible momentum.
You hit the merfolk impaler. You freeze the merfolk impaler.
The merfolk impaler is heavily wounded.
Your supernatural speed expires.
Unknown command.
You spin and attack the merfolk javelineer repeatedly.
You closely miss the merfolk javelineer.
The merfolk javelineer is moderately wounded.
You hit the merfolk javelineer. You freeze the merfolk javelineer.
The merfolk javelineer is moderately wounded.
The merfolk javelineer throws a silver javelin.
The silver javelin pierces through you!
* * * LOW HITPOINT WARNING * * *
x2 The merfolk impaler closely misses you.
Your +2 spear of venom barely misses the merfolk javelineer.
The merfolk impaler hits you from afar with a +1 vampiric demon trident!!
* * * LOW HITPOINT WARNING * * *
Your +0 trident of protection hits the merfolk impaler!
Things that are here:
6 stones; a +0 robe Unknown command.
You spin and attack the merfolk javelineer repeatedly.
You completely miss the merfolk javelineer.
The merfolk javelineer is moderately wounded.
You hit the merfolk javelineer. You freeze the merfolk javelineer.
The merfolk javelineer is moderately wounded.
Your +0 trident of protection falls from the air.
The merfolk javelineer throws a silver javelin.
The silver javelin pierces through you!
* * * LOW HITPOINT WARNING * * *
You die...

~~~~ #~≈≈~~.~. ~~~.(~~~#
#~~~~~~~~
.....~~~#######~~~~~~≈≈
.........~......~~~~~~≈≈
...).....~~~~.......~~~~
..~.()##.~~.~~~~..#..~~~
.~~.m)##..~.~~~~~...~~~~
~~~~°○(...~~~~~~~~~~~~~~
~~~~~)m@.~~~~~~~~~~~~~~~
≈≈~~(~~~.~~≈≈ ~~
≈≈≈~~)~~..~≈≈
≈≈≈~~~.....≈≈
≈≈~~...).~~≈
≈≈≈~~~~~~~~≈
≈≈≈≈~~~~~~≈≈ ≈≈≈≈≈≈≈≈≈≈≈


You could see a merfolk impaler (unaware), a merfolk javelineer (very poisoned,
ally target) and a friendly +2 spear of venom.

Vanquished Creatures
  Agnes (Elf:1)
  Gastronok (D:9)
  An orc warlord (Orc:2)
  A very ugly thing (D:15)
  A deep elf death mage (Elf:1)
  A formless jellyfish (Shoals:3)
  A dire elephant (Lair:5)
  A deep elf annihilator (Elf:1)
  A minotaur (Gauntlet)
  The ghost of Yerba the Spear-Bearer, a journeyman TrBe of Trog (Orc:1)
  Josephine (Lair:3)
  An ettin (Orc:2)
  The ghost of Xomster the Severer, a journeyman MiFi of Okawaru (Orc:1)
  6 merfolk impalers
  Harold (Lair:2)
  A fire dragon (D:14)
  The ghost of Pascal76 the Cleaver, a journeyman MiFi of Okawaru (Lair:2)
  A great orb of eyes (D:15)
  Fannar (D:10)
  5 hydras
  A catoblepas (Lair:3)
  5 merfolk avatars
  An alligator snapping turtle (Shoals:3)
  5 centaur warriors
  3 satyrs
  A two-headed ogre (shapeshifter) (D:15)
  4 boulder beetles
  3 two-headed ogres (D:10)
  A merfolk aquamancer (Shoals:3)
  2 orc high priests
  7 death yaks
  3 tengu warriors
  3 demonic crawlers
  Urug (D:11)
  6 skysharks
  10 deep elf knights
  3 skeletal warriors (D:15)
  9 sea snakes
  A swamp dragon (Lair:4)
  A glowing orange brain (Lair:2)
  A bog body (IceCv)
  5 deep elf archers (Elf:1)
  A steelbarb worm (Lair:2)
  17 harpies
  A necromancer (IceCv)
  10 fauns
  5 orc knights
  11 deep elf pyromancers
  4 oklob plants (Lair:2)
  8 deep elf zephyrmancers
  4 orc sorcerers
  A salamander (shapeshifter) (D:13)
  25 ugly things
  5 cyclopes
  5 manticores
  4 black mambas
  29 elephants
  3 ice statues
  A kobold blastminer (Orc:1)
  A torpor snail (Lair:2)
  6 merfolk sirens
  A rust devil (Gauntlet)
  9 cane toads
  2 water nymphs (Shoals:3)
  A gargoyle (D:13)
  Maggie (D:6)
  A rime drake (Lair:3)
  3 unseen horrors
  4 tengu conjurers
  4 komodo dragons
  A queen bee (Gauntlet)
  3 anaconda simulacra (IceCv)
  8 ice devils
  A yaktaur (D:14)
  10 trolls
  Psyche (D:10)
  17 merfolk
  3 wind drakes
  2 hornets
  A tarantella (Lair:2)
  5 polar bears
  31 blink frogs
  5 dream sheep (Lair:4)
  22 slime creatures
  4 snapping turtles
  2 shadows (D:10)
  2 jumping spiders (Lair:2)
  A centaur simulacrum (D:10)
  A culicivora (Lair:2)
  3 water elementals (Shoals:3)
  43 yaks
  3 vampires
  A ynoxinul (Gauntlet)
  6 wyverns
  5 wraiths
  3 dancing weapons
  4 dire elephant simulacra (IceCv)
  2 steam dragons
  7 basilisks
  13 vampire mosquitoes
  2 redbacks (Lair:2)
  2 harpy simulacra (IceCv)
  6 acid dragons
  15 water moccasins
  A swamp drake (Lair:4)
  A hydra simulacrum (IceCv)
  30 orc warriors
  2 ice beasts
  4 laughing skulls (Gauntlet)
  17 wolves
  4 ogres
  18 centaurs
  A phantom (D:5)
  4 kobold brigands
  2 weeping skulls
  16 bullfrogs
  A wyvern zombie (D:7)
  2 gnoll sergeants
  An earth elemental (Elf:1)
  3 scorpions
  15 wights
  32 killer bees
  7 howler monkeys
  2 electric eels
  A bullfrog zombie (D:7)
  8 hounds
  A centaur zombie (D:7)
  A human zombie (D:7)
  Crazy Yiuf (D:2)
  9 jellies
  2 gnoll boudas
  24 orc priests
  A centaur skeleton (D:7)
  An iguana (D:5)
  3 iron imps (Gauntlet)
  A sleepcap (D:6)
  28 orc wizards
  Natasha (D:2)
  A spriggan simulacrum (IceCv)
  A polar bear simulacrum (IceCv)
  A wolf simulacrum (IceCv)
  A killer bee zombie (D:7)
  Robin (D:1)
  13 gnolls
  3 adders
  A naga simulacrum (IceCv)
  A shadow imp (D:8)
  3 ufetubi
  4 dart slugs
  2 ribbon worms
  80 orcs
  5 ball pythons
  12 endoplasms
  A giant cockroach (D:4)
  14 goblins
  9 hobgoblins
  18 kobolds
  3 quokkas
  5 bats
  4 frilled lizards
  7 rats
  A spectral orc (D:15)
943 creatures vanquished.

Vanquished Creatures (collateral kills)
  A deep elf archer (Elf:1)
  An orc knight (D:10)
  3 deep elf zephyrmancers (Elf:1)
  2 fauns (Shoals:3)
  A merfolk siren (Shoals:1)
  4 merfolk
  3 orc warriors
  3 wolves (Lair:2)
  4 centaurs
  A bullfrog (Lair:2)
  A wight (D:10)
  An orc wizard (D:12)
  3 gnolls
  6 orcs
34 creatures vanquished.

Vanquished Creatures (others)
  41 dancing weapons
41 creatures vanquished.

Grand Total: 1018 creatures vanquished

Notes
Turn   | Place    | Note
-------+----------+-------------------------------------------
     0 | D:1      | Henri the Kobold Enchanter began the quest for the Orb.
     0 | D:1      | Reached XP level 1. HP: 10/10 MP: 3/3
   233 | D:1      | Found a faded altar of an unknown god.
   337 | D:1      | Reached XP level 2. HP: 16/16 MP: 5/5
   735 | D:2      | Learned a level 2 spell: Ensorcelled Hibernation
   812 | D:2      | Noticed Robin
   859 | D:1      | Reached XP level 3. HP: 14/20 MP: 6/6
   960 | D:1      | Killed Robin
   961 | D:1      | Reached skill level 1 in Fighting
  1082 | D:2      | Reached skill level 5 in Stealth
  1101 | D:2      | Reached XP level 4. HP: 24/25 MP: 7/7
  1600 | D:2      | Noticed Natasha
  1609 | D:2      | Killed Natasha
  1748 | D:2      | Found a runed translucent door.
  1751 | D:2      | Noticed Crazy Yiuf
  1850 | D:2      | Killed Crazy Yiuf
  1851 | D:2      | Reached XP level 5. HP: 30/30 MP: 5/8
  1972 | D:3      | Learned a level 3 spell: Confusing Touch
  1976 | D:3      | Learned a level 3 spell: Tukima's Dance
  2677 | D:3      | Found a snail-covered altar of Cheibriados.
  2864 | D:4      | Reached skill level 6 in Stealth
  2864 | D:4      | Reached XP level 6. HP: 30/35 MP: 0/9
  3025 | D:4      | Identified the +1 ring mail of Virtue {Str-4 Dex+4}
  3445 | D:5      | Entered Level 5 of the Dungeon
  3674 | D:4      | Found a staircase to the Ecumenical Temple.
  3685 | Temple   | Entered the Ecumenical Temple
  3695 | Temple   | Became a worshipper of the Wu Jian Council
  3729 | D:5      | Reached skill level 5 in Short Blades
  3729 | D:5      | Reached XP level 7. HP: 40/40 MP: 10/10
  3747 | D:5      | Reached skill level 7 in Stealth
  3805 | D:5      | You fall into a shaft and drop 2 floors!
  4022 | D:7      | Found an ancient bone altar of Kikubaaqudgha.
  4039 | D:7      | Reached skill level 8 in Stealth
  4039 | D:7      | Reached XP level 8. HP: 40/46 MP: 1/11
  4325 | D:7      | Reached skill level 9 in Stealth
  4343 | D:7      | Learned a level 3 spell: Dazzling Flash
  4372 | D:6      | Reached * piety under Wu Jian
  4495 | D:6      | Noticed Maggie
  4497 | D:6      | Killed Maggie
  4498 | D:6      | Reached skill level 5 in Hexes
  4498 | D:6      | Reached XP level 9. HP: 52/52 MP: 12/12
  4519 | D:6      | Identified the +5 flail of Disembowelment {venom, rF++
                  | Int+3}
  4562 | D:5      | Found a sparkling altar of Nemelex Xobeh.
  4776 | D:4      | Reached skill level 10 in Stealth
  5499 | D:5      | Found a shimmering blue altar of Sif Muna.
  5820 | D:5      | Found Hiniess's Antique Armour Emporium.
  6261 | D:6      | Found a sacrificial altar of Ru.
  6461 | D:6      | Reached skill level 5 in Fighting
  6882 | D:6      | Reached skill level 11 in Stealth
  7489 | D:7      | Found an opulent altar of Gozag.
  7624 | D:7      | Reached ** piety under Wu Jian
  7745 | D:7      | Reached skill level 10 in Short Blades
  7745 | D:7      | Reached XP level 10. HP: 48/59 MP: 5/13
  7917 | D:8      | Identified the ring of the Ancients {rElec rPois rN+ AC+4}
  8378 | D:8      | Reached skill level 12 in Stealth
  9040 | D:8      | Reached *** piety under Wu Jian
  9166 | D:8      | Got the Discursus on Shadows
  9396 | D:8      | Found a staircase to the Lair.
  9710 | D:8      | Reached skill level 13 in Stealth
 10290 | D:9      | Found a white marble altar of Elyvilon.
 10343 | D:9      | Found a radiant altar of Vehumet.
 10439 | D:9      | Found a shimmering altar of Xom.
 10534 | D:9      | Noticed Gastronok
 10552 | D:9      | Killed Gastronok
 10553 | D:9      | Reached XP level 11. HP: 25/67 MP: 9/14
 10876 | D:9      | Reached skill level 14 in Stealth
 11043 | D:9      | Found a shadowy altar of Dithmenos.
 11108 | D:9      | Found a burning altar of Makhleb.
 11150 | D:9      | Found Tappante's Antique Armour Boutique.
 11479 | D:9      | Reached **** piety under Wu Jian
 11580 | D:10     | Entered Level 10 of the Dungeon
 11792 | D:10     | Found a broken altar of Ashenzari.
 11923 | D:10     | Noticed a two-headed ogre
 12046 | D:10     | Found Sieroumo's Weapon Emporium.
 12424 | D:10     | Noticed a two-headed ogre
 12445 | D:10     | Noticed an orc knight
 12696 | D:10     | Found a glowing golden altar of the Shining One.
 12749 | D:10     | Found a hide-covered altar of Uskayaw.
 12820 | D:10     | Reached skill level 15 in Stealth
 12879 | D:10     | Noticed a two-headed ogre
 12886 | D:10     | Reached ***** piety under Wu Jian
 13239 | D:10     | Noticed an orc knight
 13331 | D:10     | Killed an orc knight
 13332 | D:10     | Reached XP level 12. HP: 58/73 MP: 8/15
 13587 | D:10     | Killed a two-headed ogre
 13814 | D:10     | Noticed Fannar
 13832 | D:10     | Killed Fannar
 14053 | D:10     | Noticed a boulder beetle
 14057 | D:10     | Killed a boulder beetle
 14058 | D:10     | Reached skill level 1 in Armour
 14058 | D:10     | Reached skill level 16 in Stealth
 14058 | D:10     | Noticed a centaur warrior
 14065 | D:10     | Killed a centaur warrior
 14177 | D:10     | Found the +1 Delatra's gloves {ID++}
 14181 | D:10     | Identified the ring "Daxentil" {rN+ Slay+5}
 14342 | D:10     | Learned a level 2 spell: Jinxbite
 15278 | D:10     | Killed a two-headed ogre
 15519 | D:11     | Found a gate leading to a gauntlet.
 15525 | Gauntlet | Entered a Gauntlet
 15525 | Gauntlet | Found a transporter.
 15540 | Gauntlet | Found a transporter.
 15553 | Gauntlet | Found a transporter.
 15557 | Gauntlet | Found a runed translucent door.
 15571 | Gauntlet | Found a transporter.
 15581 | Gauntlet | Found a transporter.
 15582 | Gauntlet | Noticed a catoblepas
 15597 | Gauntlet | Found a transporter.
 15598 | Gauntlet | Noticed a great orb of eyes
 15602 | Gauntlet | Found a transporter.
 15612 | Gauntlet | Found a runed translucent door.
 15614 | Gauntlet | Noticed a green death
 15634 | Gauntlet | Found a transporter.
 15660 | Gauntlet | Found a transporter.
 15664 | Gauntlet | Found a runed translucent door.
 15713 | Gauntlet | Found a transporter.
 15723 | Gauntlet | Found a transporter.
 15731 | Gauntlet | Found a runed translucent gate.
 15733 | Gauntlet | Found a transporter.
 15750 | Gauntlet | Found a runed translucent door.
 15757 | Gauntlet | Found a runed translucent door.
 15853 | Gauntlet | Found a runed translucent gate.
 15853 | Gauntlet | Found a runed translucent gate.
 15855 | Gauntlet | Found a transporter.
 15888 | Gauntlet | Reached skill level 17 in Stealth
 16080 | Gauntlet | Identified the staff of Winter {rC+ Dex+3 Ice Earth}
 16080 | Gauntlet | Identified the +0 plate armour "Zegoeta" {rC+ Will- rCorr
                  | Dex+2}
 16080 | Gauntlet | Noticed a minotaur
 16095 | Gauntlet | Killed a minotaur
 16102 | Gauntlet | Got Sif Muna's Tome of Cold
 16410 | Lair:1   | Entered Level 1 of the Lair of Beasts
 16561 | D:11     | Reached XP level 13. HP: 80/80 MP: 16/16
 16598 | D:11     | Noticed Psyche
 16599 | D:11     | Noticed Urug
 16623 | D:10     | Killed Psyche
 17607 | D:11     | Found a portal to a secret trove of treasure.
 17878 | D:12     | Found Emazxyp's Distillery.
 17895 | D:11     | Reached skill level 18 in Stealth
 18461 | D:12     | Found a staircase to the Orcish Mines.
 18907 | D:12     | Reached skill level 10 in Fighting
 19122 | D:12     | Noticed an eight-headed hydra
 19123 | D:12     | Killed an eight-headed hydra
 20027 | Lair:1   | Reached skill level 19 in Stealth
 20027 | Lair:1   | Reached skill level 10 in Hexes
 21093 | Lair:1   | Reached skill level 5 in Armour
 21335 | Lair:2   | Identified a scroll of acquirement
 21335 | Lair:2   | Acquired the scarf "Torchouz" {rC+ rF+, rPois Regen+}
 21351 | Lair:2   | Reached XP level 14. HP: 51/88 MP: 17/17
 21512 | Lair:2   | Reached ****** piety under Wu Jian
 21532 | Lair:2   | Reached skill level 1 in Shields
 21712 | Lair:2   | Found a frozen archway.
 21822 | IceCv    | Entered an ice cave
 22152 | IceCv    | Reached skill level 20 in Stealth
 23051 | Lair:2   | Noticed Harold
 23054 | Lair:2   | Killed Harold
 23228 | Lair:2   | Found a runed translucent gate.
 23228 | Lair:2   | Found a runed translucent gate.
 23228 | Lair:2   | Found a runed translucent gate.
 23514 | Lair:2   | Found a hole to the Spider Nest.
 23691 | Lair:2   | Noticed Pascal76's ghost (journeyman MiFi)
 24078 | Lair:3   | Reached skill level 21 in Stealth
 24205 | Lair:3   | Noticed Josephine
 24213 | Lair:3   | Killed Josephine
 24277 | Lair:3   | Reached XP level 15. HP: 68/96 MP: 1/18
 24629 | Lair:3   | Found a staircase to the Shoals.
 25946 | Lair:4   | Found a staircase to the Slime Pits.
 25946 | Lair:4   | Found a viscous altar of Jiyva.
 26118 | Lair:4   | Reached skill level 22 in Stealth
 27089 | Orc:1    | Entered Level 1 of the Orcish Mines
 27464 | Orc:1    | Found a runed translucent gate.
 27465 | Orc:1    | Found a runed translucent gate.
 27466 | Orc:1    | Found a runed translucent gate.
 27738 | Orc:2    | Entered Level 2 of the Orcish Mines
 28146 | Orc:2    | Found a staircase to the Elven Halls.
 28269 | Orc:2    | Reached skill level 5 in Shields
 28302 | Orc:2    | Noticed an orc warlord
 29211 | Orc:1    | Paralysed by an orc sorcerer for 4 turns
 29385 | Orc:2    | Killed an orc warlord
 29441 | Orc:2    | Found Sacwuir's Antique Weapon Shop.
 29462 | Orc:2    | Found Cewutsuc's Jewellery Shop.
 29506 | Orc:2    | Found Hanu's Antique Armour Shop.
 29511 | Orc:2    | Bought a pair of runed boots for 195 gold pieces
 29523 | Orc:2    | Found Sonitoopn's General Store.
 30746 | D:13     | Identified the +1 spear "Asosoque" {drain, Str+3}
 31107 | D:13     | Found a gate to the Vaults.
 31225 | D:14     | Reached skill level 23 in Stealth
 31316 | D:14     | Reached XP level 16. HP: 103/103 MP: 19/19
 32319 | D:14     | Reached skill level 5 in Dodging
 32325 | D:14     | Found Oniuhom's Magic Scroll Shoppe.
 32903 | D:15     | Entered Level 15 of the Dungeon
 32933 | D:15     | Found a basalt altar of Yredelemnul.
 33230 | D:15     | Learned a level 4 spell: Cause Fear
 33747 | D:15     | Reached skill level 24 in Stealth
 33781 | D:15     | Found a staircase to the Depths.
 34096 | Lair:5   | Entered Level 5 of the Lair of Beasts
 34904 | Lair:5   | Reached XP level 17. HP: 110/110 MP: 20/20
 36294 | D:11     | Killed Urug
 36474 | Lair:2   | Killed Pascal76's ghost
 36543 | Lair:2   | Found a viscous altar of Jiyva.
 36820 | Orc:1    | Noticed Yerba's ghost (journeyman TrBe)
 36820 | Orc:1    | Noticed Xomster's ghost (journeyman MiFi)
 36823 | Orc:1    | Killed Xomster's ghost
 36824 | Orc:1    | Reached skill level 25 in Stealth
 36826 | Orc:1    | Killed Yerba's ghost
 36838 | Orc:1    | Identified the ring "Oxi Cowkiz" {rC+ Will+}
 37114 | Spider:1 | Entered Level 1 of the Spider Nest
 37249 | Shoals:1 | Entered Level 1 of the Shoals
 39190 | Shoals:2 | Noticed Polyphemus
 39349 | Shoals:2 | Reached skill level 26 in Stealth
 39489 | Shoals:2 | Reached XP level 18. HP: 94/118 MP: 21/21
 41273 | Elf:1    | Entered Level 1 of the Elven Halls
 41383 | Orc:2    | Reached skill level 15 in Fighting
 41916 | Elf:1    | Noticed Frances
 42739 | Elf:1    | Noticed Agnes
 42742 | Elf:1    | Killed Agnes
 43860 | Shoals:3 | Reached skill level 27 in Stealth
 44519 | Shoals:3 | HP: 1/120 [merfolk javelineer/silver javelin (10)]
 44519 | Shoals:3 | Hit by a silver javelin thrown by a merfolk javelineer

Illustrated notes

Levels and vault maps discovered:
D:1:      elethiomel_arrival_infinity_welcomes_careful_drivers, layout_rooms,
          ebering_ecumenical_altar_box, feat_on_display
D:2:      layout_basic, minmay_box_of_dots, uniq_natasha,
          uniq_crazy_yiuf_cottage, uniq_robin
D:3:      layout_rooms, slow_altar_2, minmay_three_crescents
D:4:      layout_basic, minmay_temple_entry_mist
D:5:      layout_cave_pods, lemuel_crystal_altar, lemuel_coloured_pillars_altar,
          serial_shops, shop
D:6:      layout_basic, general_overflow_altar, minivault_27,
          kennysheep_flooded_box, uniq_maggie
D:7:      layout_basic, lemuel_mausoleum_altar_kikubaaqudgha,
          nicolae_gozag_seed_capital
D:8:      layout_basic, erik_lair_island
D:9:      layout_basic, kennysheep_mini_moat, nicolae_overflow_quartered_altars,
          serial_shops, shop_statue, uniq_gastronok
D:10:     minmay_the_grid_4x2 [minmay_the_grid_outer_diamond,
          minmay_the_grid_outer_circle, minmay_the_grid_spikes,
          minmay_the_grid_slots, minmay_the_grid_tiny_cups,
          minmay_the_grid_minigrid_small, minmay_the_grid_embedded,
          minmay_the_grid_prize_shrinking_boxes], layout_stronghold,
          mainiacjoe_overflow_alcove_2, lemuel_round_altar,
          nicolae_tso_carved_into_rock, serial_shops,
          nicolae_shop_bloodbath_and_beyond, uniq_fannar
D:11:     layout_roguey, gauntlet_entry_generic,
          nicolae_trove_entry_free_sample, special_room [special_room_orc],
          minmay_misc_feat_encased, nicolae_concentric_dashed_squares_wild,
          uniq_psyche, uniq_urug
D:12:     layout_long_grid, david_orc_4, serial_shops, nicolae_shop_peninsula,
          minmay_misc_feat_secret_circle
D:13:     layout_long_grid, hellmonk_vaults_attempted_burglary
D:14:     layout_basic, serial_corexii_hall, chequers_hall_statues_wall_a,
          chequers_hall_statues_corner_a, corexii_hall_statues_deadend,
          corexii_hall_statues_t, serial_shops, nicolae_shop_trees,
          minmay_misc_feat_x, minmay_diced_spiral
D:15:     gammafunk_enter_depths_forms, layout_basic, minivault_16,
          yredelemnul_forgotten_temple_becter
Temple:   nicolae_temple_godpark
Lair:1:   layout_layer_cave, minivault_23, chequers_serial_rivers_micro_e
Lair:2:   minmay_lair_oklob_tunnel, layout_chaotic_city,
          spider_nest_entry_funnel_web, gammafunk_ghost_ooze,
          portal_ice_cave_demonic_guard, uniq_harold
Lair:3:   layout_layer_cave, minmay_shoals_entry_beasts, minmay_lindwurm_lava,
          lemuel_fruit_tree, uniq_josephine
Lair:4:   layout_cave_pods, nicolae_slime_entry_slimehenge, pond
Lair:5:   gammafunk_lair_ancient_temple, layout_loops_ring, serial_bayou_ford_a
Shoals:1: layout_shoals
Shoals:2: layout_shoals, nicolae_shoals_isolated_beach, uniq_polyphemus
Shoals:3: layout_shoals, ebering_ghost_disaster_area
Spider:1: layout_spider_delve, nicolae_crawler_farm, uniq_jorgrun
Orc:1:    layout_caves, basic_altar, gammafunk_ghost_cemetery
Orc:2:    grunt_orc_cross, layout_caves
Elf:1:    elf_arrival_001, layout_gridlike, kennysheep_underground_church,
          uniq_frances, uniq_agnes

Skill      XL: |  1  2  3  4  5  6  7  8  9 10 11 12 13 14 15 16 17 18 |
---------------+-------------------------------------------------------+-----
Short Blades   | 2 3 4 5 6 8 10 12 13 14 | 14.0
Fighting       | 1 2 3 4 5 7 9 10 11 12 13 14 15 | 15.7
Stealth        | 5 6 8 9 11 13 15 17 19 21 23 24 26 27 | 27.0
Hexes          | 4 5 7 9 10 11 12 13 14 | 14.7
Armour         | 3 5 6 7 8 |  8.6
Shields        | 3 5 |  5.0
Dodging        | 3 5 |  5.0
Spellcasting   | |  2.1

Action                     |  1- 3 |  4- 6 |  7- 9 | 10-12 | 13-15 | 16-18 || total
---------------------------+-------+-------+-------+-------+-------+-------++-------
  Melee: Dagger            |   108 |    98 |   173 |   553 |       |       ||   932
         Punch             |     1 |       |     5 |     8 |    12 |       ||    26
         Short sword       |       |       |       |    54 |   199 |       ||   253
         Rapier            |       |       |       |       |   955 |   914 ||  1869
   Cast: Ensorcelled Hiber |     3 |    17 |    12 |    73 |   136 |   177 ||   418
         Tukima's Dance    |       |     4 |    16 |    63 |    73 |   138 ||   294
         Confusing Touch   |       |       |    10 |    30 |    51 |    42 ||   133
         Dazzling Flash    |       |       |       |     2 |     3 |     5 ||    10
         Jinxbite          |       |       |       |     1 |       |       ||     1
         Cause Fear        |       |       |       |       |       |     1 ||     1
 Invoke: Serpent's Lash    |       |       |       |     4 |     2 |     8 ||    14
Ability: Lunge             |       |     1 |    39 |    84 |   179 |   140 ||   443
         Whirlwind         |       |       |     2 |    44 |   145 |   145 ||   336
    Use: Scroll            |     1 |     5 |     4 |    11 |    11 |     8 ||    40
         Potion            |       |     1 |       |       |       |     2 ||     3
   Stab: Sleeping          |     8 |    27 |    49 |    74 |   173 |   175 ||   506
         Distracted        |     1 |       |       |       |     4 |     7 ||    12
         Confused          |       |       |     9 |    33 |    41 |    41 ||   124
         Invisible         |       |       |       |     1 |     1 |     7 ||     9
         Petrifying        |       |       |       |       |       |     5 ||     5
         Petrified         |       |       |       |       |       |     2 ||     2
 Armour: Robe              |    39 |    26 |    48 |   207 |   447 |   378 ||  1145
  Dodge: Dodged            |    67 |    47 |    76 |   235 |   433 |   341 ||  1199
  Block: Buckler           |       |       |       |       |    46 |   178 ||   224
